 Dungeon Sprint DCSS version bcrawl-1.19.2-6-g6a88ae04c9 (webtiles) character file.

Game seed: 8493613574850718576

1251 pasperui the Transmogrifier (level 8, -15/76 HPs)
             Began as a Naga Transmuter on Jan 6, 2020.
             Was a Believer of Cheibriados.
             Demolished by Sonja
             ... wielding a +0 short sword of distortion
              (18 damage)
             ... in the Dungeon (Sprint I: "Red Sonja").
             The game lasted 00:04:08 (827 turns).

pasperui the Transmogrifier (Naga Transmuter)        Turns: 827, Time: 00:04:08

Health: -15/76     AC:  3    Str: 18    XL:     8   Next: 51%
Magic:  9/15       EV: 10    Int: 17    God:    Cheibriados [**....]
Gold:   419        SH:  0    Dex: 17    Spells: 5/11 levels left

rFire    . . .     SeeInvis +     - Unarmed
rCold    . . .     Gourm    .   (no shield)
rNeg     . . .     Faith    .   b - +0 robe
rPois    +         Spirit   .   (no helmet)
rElec    .         Reflect  .   (no cloak)
rCorr    .         Harm     .   (no gloves)
MR       +....     NoTele   +   (no barding)
Stlth    +++++.....             (no amulet)
HPRegen  0.22/turn              (no ring)
MPRegen  0.14/turn              (no ring)

@: slowed, very slow
A: large, see invisible, deformed body, poison resistance, slowness 2, slow
metabolism 1, spit poison 1, AC +2
a: Spit Poison, Bend Time, Renounce Religion


You were in the Dungeon.
You worshipped Cheibriados.
Cheibriados was pleased with you.
You were hungry.

You visited 1 branch You collected 419 gold pieces.

Inventory:

Missiles
 a - 120 arrows
Armour
 b - a +0 robe (worn)
Wands
 c - a wand of polymorph (10)
Scrolls
 k - a scroll of blinking
Potions
 d - a potion of lignification
 h - a potion of haste
 i - 2 potions of magic
 j - a potion of berserk rage
Comestibles
 f - 2 rations {!d}
 g - a chunk of flesh


   Skills:
 - Level 6.2 Fighting
 - Level 1.5 Dodging
 - Level 10.7 Stealth
 - Level 6.5 Unarmed Combat
 * Level 2.0 Spellcasting
 - Level 11.3 Transmutations
 - Level 10.2 Invocations


You had 5 spell levels left.
You knew the following spells:

 Your Spells              Type           Power        Failure   Level  Hunger
a - Beastly Appendage     Tmut           #####.       1%          1    #......
b - Blade Hands           Tmut           #####.....   4%          5    ######.

Your spell library contained the following spells:

 Spells                   Type           Power        Failure   Level  Hunger
 Sticks to Snakes         Tmut           #####...     1%          2    ###....
 Spider Form              Tmut/Pois      ###          5%          3    ###....
 Ice Form                 Ice/Tmut       ###.....     19%         4    #####..


Dungeon Overview and Level Annotations

Branches:
Dungeon (1/1)

Altars:
Cheibriados
Dithmenos
Elyvilon
Fedhas
Gozag
Hepliaklqana
Kikubaaqudgha
Lugonu
Makhleb
Nemelex Xobeh
Okawaru
Qazlal
Ru
Sif Muna
Trog
Uskayaw
Vehumet
Wu Jian
Xom
Yredelemnul
Zin
The Shining One
Jiyva

Shops:
D [

Annotations:
D Sonja


Innate Abilities, Weirdness & Mutations

You cannot wear boots.
Your serpentine skin is tough. (AC +2)
You have supernaturally acute eyesight. (SInv)
Armour fits poorly on your strangely shaped body.
Your system is resistant to poisons. (rPois)
You cover ground very slowly.
You have a slow metabolism.
You can spit poison.


Message History

Sonja shoots a curare-tipped needle.
The curare-tipped needle hits you.
Unknown command.
Your hands revert to their normal proportions.
Sonja shoots a curare-tipped needle.
The curare-tipped needle hits you.
Sonja gestures wildly while chanting.
Sonja blinks!
Sonja shoots a curare-tipped needle.
The curare-tipped needle hits you.
Sonja shoots a curare-tipped needle.
The curare-tipped needle closely misses you.
There is an open door here.
Unknown command.
Unknown command.
You have got your breath back.
Sonja plants her feet in a plie.
Sonja unwields a +0 blowgun.
Sonja wields a +0 short sword of distortion.
Its appearance distorts for a moment.
Sonja hits you with a +0 short sword of distortion.
* * * LOW HITPOINT WARNING * * *
Space warps horribly around you!!
You die...

#..'.)#.)'..#..'..'..#)..#
#..#####'#####'#__####...+
#..####..#...#.#### #####
#..#__####..##.#
#..#_____##'#_.+
#⌠⌠#_.∩..÷'..._#
####_..__##_.#'#
#_____###K#)# #######
#@### +$.$+ #$.$# ##.##
#+#


You could see Sonja.

Vanquished Creatures
  2 kobold demonologists (D)
  A slime creature (D)
  Sigmund (D)
  A yak (D)
  A floating eye (D)
  An ogre (D)
  A jelly (D)
  Ijyb (D)
9 creatures vanquished.

Notes
Turn   | Place    | Note
-------+----------+-------------------------------------------
     0 | D        | pasperui the Naga Transmuter began the quest for the Orb.
     0 | D        | Reached XP level 1. HP: 18/18 MP: 3/3
     1 | D        | Noticed Ijyb
    30 | D        | Killed Ijyb
    30 | D        | Reached XP level 2. HP: 5/25 MP: 5/5
    30 | D        | Reached XP level 3. HP: 6/31 MP: 6/6
   278 | D        | Noticed an ogre
   285 | D        | Killed an ogre
   285 | D        | Reached skill level 10 in Stealth
   285 | D        | Reached XP level 4. HP: 38/38 MP: 7/7
   290 | D        | Noticed Sigmund
   295 | D        | Killed Sigmund
   295 | D        | Reached skill level 8 in Transmutations
   295 | D        | Reached XP level 5. HP: 33/44 MP: 6/8
   295 | D        | Reached XP level 6. HP: 39/51 MP: 6/9
   364 | D        | Learned a level 5 spell: Blade Hands
   365 | D        | Found a burning altar of Makhleb.
   365 | D        | Found a viscous altar of Jiyva.
   365 | D        | Found a shimmering altar of Xom.
   365 | D        | Found a corrupted altar of Lugonu.
   365 | D        | Noticed a slime creature
   371 | D        | Killed a slime creature
   371 | D        | Reached skill level 11 in Transmutations
   371 | D        | Reached XP level 7. HP: 17/57 MP: 4/10
   581 | D        | Found an ornate altar of the Wu Jian Council.
   581 | D        | Found a shimmering blue altar of Sif Muna.
   583 | D        | Found a radiant altar of Vehumet.
   679 | D        | Found Nuprur's Armour Emporium.
   679 | D        | Found an ancient bone altar of Kikubaaqudgha.
   679 | D        | Found a hazy altar of Hepliaklqana.
   679 | D        | Found a stormy altar of Qazlal.
   679 | D        | Found a hide-covered altar of Uskayaw.
   679 | D        | Found a blossoming altar of Fedhas.
   679 | D        | Found a bloodstained altar of Trog.
   679 | D        | Found an iron altar of Okawaru.
   679 | D        | Found a basalt altar of Yredelemnul.
   679 | D        | Found a glowing golden altar of the Shining One.
   679 | D        | Found a snail-covered altar of Cheibriados.
   679 | D        | Found a sacrificial altar of Ru.
   679 | D        | Found a glowing silver altar of Zin.
   679 | D        | Found a shadowy altar of Dithmenos.
   679 | D        | Found a white marble altar of Elyvilon.
   679 | D        | Noticed a yak
   680 | D        | Found an opulent altar of Gozag.
   682 | D        | Killed a yak
   683 | D        | Found a sparkling altar of Nemelex Xobeh.
   689 | D        | Became a worshipper of Cheibriados the Contemplative
   759 | D        | Noticed a kobold demonologist
   760 | D        | Noticed a kobold demonologist
   766 | D        | Noticed a ynoxinul
   766 | D        | Killed a kobold demonologist
   766 | D        | Reached * piety under Cheibriados
   766 | D        | Reached XP level 8. HP: 74/76 MP: 6/14
   771 | D        | Killed a kobold demonologist
   771 | D        | Reached ** piety under Cheibriados
   771 | D        | Reached skill level 10 in Invocations
   816 | D        | Noticed Sonja
   827 | D        | HP: 3/76 [Sonja/+0 short sword of distortion (3)]
   827 | D        | Demolished by Sonja

Skill      XL: |  1  2  3  4  5  6  7  8 |
---------------+-------------------------+-----
Unarmed Combat | 6 |  6.5
Stealth        | 10 | 10.7
Transmutations | 8 11 | 11.3
Fighting       | 6 |  6.2
Invocations    | 8 10 | 10.2
Dodging        | |  1.5
Spellcasting   | |  2.0

Action                   |  1- 3 |  4- 6 |  7- 9 || total
-------------------------+-------+-------+-------++-------
Melee: Unarmed           |    28 |     8 |    19 ||    55
       Headbutt          |     4 |     1 |       ||     5
       Punch             |       |       |     1 ||     1
 Cast: Beastly Appendage |     2 |     1 |       ||     3
       Blade Hands       |       |     1 |     3 ||     4
Invok: Bend Time         |       |       |     1 ||     1
 Abil: Spit Poison       |     3 |       |     3 ||     6
       End Transformatio |       |       |     1 ||     1
  Use: Potion            |     1 |       |     1 ||     2
 Stab: Confused          |     1 |       |       ||     1
       Sleeping          |     1 |     1 |     2 ||     4
Armor: Skin              |     2 |       |       ||     2
       Robe              |     1 |       |     2 ||     3
Dodge: Dodged            |     8 |     2 |     8 ||    18
